 Dungeon Crawl Stone Soup version 0.30-a0-368-g86fb4627a9 (webtiles) character file.

Game seed: 10006618531989081968

8 qeuew the Shooter (level 2, 23/25 HPs)
             Began as a Minotaur Hunter on Nov 18, 2022.
             Quit the game on level 1 of the Dungeon.
             The game lasted 00:00:16 (168 turns).

qeuew the Shooter (Minotaur Hunter)                  Turns: 168, Time: 00:00:16

Health: 23/25      AC:  3    Str: 15    XL:     2   Next: 0%
Magic:  1/1        EV: 12    Int:  6    God:
Gold:   2          SH:  0    Dex: 13    Spells: 1/1 levels left

rFire   . . .      SeeInvis .    a - +0 shortbow
rCold   . . .      Faith    .    (shield currently unavailable)
rNeg    . . .      Spirit   .    c - +0 leather armour
rPois   .          Reflect  .    (helmet restricted)
rElec   .          Harm     .    (no cloak)
rCorr   .          Rampage  .    (no gloves)
Will    .....                    (no boots)
Stlth   +.........               (no amulet)
HPRegen 0.24/turn                (no ring)
MPRegen 0.07/turn                (no ring)

@: no status effects
A: horns 2, retaliatory headbutt
a: no special abilities


You were on level 1 of the Dungeon.
You visited 1 branch of the dungeon, and saw 1 of its levels.

You collected 2 gold pieces.

Inventory:

Hand Weapons
 a - a +0 shortbow (weapon)
Armour
 c - a +0 leather armour (worn)
Jewellery
 d - a +6 ring of intelligence
Scrolls
 b - a scroll of immolation
Potions
 e - 2 potions of cancellation {unknown}
 f - a potion of heal wounds {unknown}


   Skills:
 + Level 2.6 Fighting
 + Level 4.5 Ranged Weapons
 + Level 0.8 Armour
 + Level 2.4 Dodging
 - Level 0.7 Stealth


You had one spell level left.
You didn't know any spells.
Your spell library was empty.

Dungeon Overview and Level Annotations

Branches:
Dungeon (1/15)

Altars:


Innate Abilities, Weirdness & Mutations

You have a pair of horns on your head.
You reflexively headbutt those who attack you in melee.


Message History

e - 2 metallic blue potions No target in view!
f - a yellow potion No target in view!
You open the door.
An endoplasm comes into view.
The endoplasm quivers.
You shoot an arrow. The arrow hits the endoplasm!
You kill the endoplasm!
There is a shaft here.
You now have 2 gold pieces.
You open the door.
A hobgoblin comes into view.
The hobgoblin shouts!
Found a helmet.
Found an escape hatch in the floor.
You shoot an arrow. The arrow closely misses the hobgoblin.
A hobgoblin is nearby!
You shoot an arrow. The arrow closely misses the hobgoblin.
A hobgoblin is nearby!
You shoot an arrow. The arrow barely misses the hobgoblin.
The hobgoblin hits you but does no damage.
You shoot an arrow. The arrow closely misses the hobgoblin.
You hear a shout!
The hobgoblin closely misses you.
You shoot an arrow. The arrow closely misses the hobgoblin.
The hobgoblin hits you.
A kobold comes into view. It is wielding a +0 dagger.
You shoot an arrow. The arrow barely misses the hobgoblin.
The hobgoblin misses you.
The hobgoblin hits you but does no damage.
You shoot an arrow. The arrow hits the hobgoblin!
You kill the hobgoblin!
You shoot an arrow. The arrow hits the kobold!
You kill the kobold!
You have reached level 2!
No target in view!
No target in view!
No target in view!
A bat comes into view.
Are you sure you want to abandon this character and quit the game? (Confirm with "yes".)

# #
##################
#.................
#.############....
#.# #.### #.#
####+#.. #@#
#.....^# #'#
#......# )..
#......# [....
#....... b.....>
##...### ..##+####
#...... ...
+...... ...
#...### ####...###


You could see a bat (wandering).

Vanquished Creatures
  A ball python (D:1)
  An endoplasm (D:1)
  A giant cockroach (D:1)
  A goblin (D:1)
  A hobgoblin (D:1)
  A kobold (D:1)
6 creatures vanquished.

Notes
Turn   | Place    | Note
-------+----------+-------------------------------------------
     0 | D:1      | qeuew the Minotaur Hunter began the quest for the Orb.
     0 | D:1      | Reached XP level 1. HP: 18/18 MP: 0/0
   165 | D:1      | Reached XP level 2. HP: 22/25 MP: 1/1
   168 | D:1      | Quit the game

Illustrated notes

Levels and vault maps discovered:
D:1:      onia_arrival_mini_maze, layout_basic, minmay_gold_behind_fungi,
          chequers_serial_rivers_large_b

Action                   || total
-------------------------++-------
 Fire: Shortbow          ||    22
Armor: Leather armour    ||     2
Dodge: Dodged            ||     4

Table legend: (Time is in decaauts)
 A = Elapsed time spent in this place.
 B = Non-inter-level travel time spent in this place.
 C = Inter-level travel time spent in this place.
 D = Time resting spent in this place.
 E = Time spent auto-exploring this place.
 F = Levels seen in this place.
 G = Mean time per level.
                   A        B        C        D        E       F      G
               +--------+--------+--------+--------+--------+-----+--------+
         Total |    174 |    174 |      0 |      0 |    137 |   1 |  174.0 |
       Dungeon |    174 |    174 |      0 |      0 |    137 |   1 |  174.0 |
               +--------+--------+--------+--------+--------+-----+--------+

Top non-repeatable levels by time:
     D:1: 174 daAuts
